[Event "RUS-ch Blitz 2021"]
[Site "Sochi"]
[Date "2021.10.11"]
[Round "11.13"]
[White "Potapov, Pavel"]
[Black "Kobalia, Mikhail"]
[Result "0-1"]
[ECO "B12"]
[WhiteElo "2481"]
[BlackElo "2600"]
[Annotator "ChessBase"]
[PlyCount "90"]
[EventDate "2021.10.11"]
[EventType "blitz"]
[EventCountry "RUS"]
[SourceTitle "playchess.com"]
[Source "ChessBase"]
[SourceQuality "1"]
[TimeControl "180+2"]

1. e4 c6 2. d4 d5 3. e5 Bf5 4. h4 h5 5. Bd3 Bxd3 6. Qxd3 Qa5+ 7. Nd2 e6 8.
Ngf3 Nh6 9. O-O Nf5 10. c4 Qa6 11. b3 Be7 12. g3 O-O 13.
Rd1 c5 14. Bb2 Nc6 15. Nf1 dxc4 16. Qxc4 Qxc4 17. bxc4 cxd4 18.
Nxd4 Ncxd4 19. Bxd4 Rfc8 20. Rac1 Ba3 21. Rc2 Rc7 22. Ne3 Nxd4 23. Rxd4 Bc5 24. Rd3 Rac8 25. Nf1 Bf8 26. Nd2 b5 27. Rd4 Bb4 28. Kf1 Bxd2 29. Rcxd2 Rxc4 30. Rd8+ Rxd8 31. Rxd8+ Kh7 32. Rd7 Ra4 33. Rxf7 Rxa2 34. Re7 b4 35. Rb7 a5 36. f4 Kg6 37. Ke1 Kf5 38. Kd1 g6 39. Rf7+ Ke4 40. Kc1 b3 41. Rf6 a4 42. Rxe6 a3 43.
Rb6 Ra1+ 44. Kd2 b2 45. e6 b1=Q 0-1

[Event "RUS-ch Blitz 2021"]
[Site "Sochi"]
[Date "2021.10.11"]
[Round "11.14"]
[White "Popov, Valerij"]
[Black "Obgolts, Erik"]
[Result "0-1"]
[ECO "E91"]
[WhiteElo "2537"]
[BlackElo "2430"]
[Annotator "ChessBase"]
[PlyCount "66"]
[EventDate "2021.10.11"]
[EventType "blitz"]
[EventCountry "RUS"]
[SourceTitle "playchess.com"]
[Source "ChessBase"]
[SourceQuality "1"]
[TimeControl "180+2"]

1. Nf3 Nf6 2. c4 g6 3. Nc3 Bg7 4. e4 d6 5. d4 O-O 6. Be2 Bg4 7. Be3 Nfd7 8. Rc1 e5 9. d5 a5 10. O-O Na6 11. a3 f5 12. Ng5 f4 13.
Bxg4 Qxg5 14. Bd2 Nf6 15. Be2 Nc5 16. f3 a4 17. Be1 h5 18.
Bf2 Nfd7 19. Nb5 Rac8 20. Bd3 Qe7 21. Bc2 g5 22. Bxa4 Nxa4 23.
Qxa4 g4 24. Qd1 Qg5 25. fxg4 hxg4 26. g3 Nf6 27. Nc3 Nh5 28. Qd3 Rf6 29. c5 Rcf8 30. cxd6 cxd6 31. Ne2 Qh6 32. Rcd1 f3 33. Nc3 Nf4 0-1

[Event "RUS-ch Blitz 2021"]
[Site "Sochi"]
[Date "2021.10.11"]
[Round "11.15"]
[White "Zubritskiy, Artyom"]
[Black "Khanin, Semen"]
[Result "0-1"]
[ECO "A02"]
[WhiteElo "2442"]
[BlackElo "2521"]
[Annotator "ChessBase"]
[PlyCount "69"]
[EventDate "2021.10.11"]
[EventType "blitz"]
[EventCountry "RUS"]
[SourceTitle "playchess.com"]
[Source "ChessBase"]
[SourceQuality "1"]
[TimeControl "180+2"]

1. f4 c5 2. Nf3 Nc6 3. g3 g6 4. Bg2 Bg7 5. O-O d6 6. Nc3 e6 7. a3 Nge7 8. e3 O-O 9. d3 Rb8 10. Bd2 b5 11. Qe2 a5 12. Rab1 b4 13.
Ne4 Ba6 14. a4 f5 15. Nf2 b3 16. c3 d5 17. Rfd1 Qd6 18. Qe1 e5 19. e4 fxe4 20. dxe4 d4 21. fxe5 Nxe5 22. Nxe5 Bxe5 23. Ng4 Bg7 24. e5 Qe6 25. Nf6+ Bxf6 26. exf6 Qxf6 27. cxd4 cxd4 28. Bxa5 Nf5 29. Bc7 Rbe8 30. Bd5+ Kh8 31. Qb4 Be2 32. Rd2 d3 33. Qf4 g5 34. Qf2 Qg7 35. Bb6 0-1

[Event "RUS-ch Blitz 2021"]
[Site "Sochi"]
[Date "2021.10.11"]
[Round "11.16"]
[White "Zakaryan, David"]
[Black "Zakhartsov, Vladimir"]
[Result "1/2-1/2"]
[ECO "B90"]
[WhiteElo "2283"]
[BlackElo "2514"]
[Annotator "ChessBase"]
[PlyCount "82"]
[EventDate "2021.10.11"]
[EventType "blitz"]
[EventCountry "RUS"]
[SourceTitle "playchess.com"]
[Source "ChessBase"]
[SourceQuality "1"]
[TimeControl "180+2"]

1. e4 c5 2. Nf3 d6 3. d4 Nf6 4. Nc3 cxd4 5. Nxd4 a6 6. a3 g6 7. Be2 Bg7 8. Be3 Nc6 9. Qd2 O-O 10. h4 d5 11. Nxc6 bxc6 12. e5 Ng4 13.
Bxg4 Bxg4 14. f3 Be6 15. Bh6 Bxe5 16. Bxf8 Bg3+ 17. Kf1 Qxf8 18. Ne2 Be5 19. c3 a5 20. Re1 Bg7 21. h5 Bc8 22. hxg6 hxg6 23. Nd4 Ba6+ 24. Kf2 e5 25. Nc2 Rb8 26. b4 Qe7 27. Nd4 Qa7 28. Qg5 exd4 29. Re7 Qb6 30. Qf4 dxc3+ 31. Kg3 Rf8 32. Qh4 Rd8 33. Rhe1 Qb8+ 34. Kf2 axb4 35. axb4 c2 36. Rxf7 Kxf7 37. Qe7+ Kg8 38. Qe6+ Kf8 39. Qe7+ Kg8 40. Qe6+ Kf8 41. Qe7+ Kg8 1/2-1/2

[Event "RUS-ch Blitz 2021"]
[Site "Sochi"]
[Date "2021.10.11"]
[Round "11.17"]
[White "Mikhailovsky, Vladimir"]
[Black "Demidov, Mikhail"]
[Result "1/2-1/2"]
[ECO "B06"]
[WhiteElo "2184"]
[BlackElo "2551"]
[Annotator "ChessBase"]
[PlyCount "90"]
[EventDate "2021.10.11"]
[EventType "blitz"]
[EventCountry "RUS"]
[SourceTitle "playchess.com"]
[Source "ChessBase"]
[SourceQuality "1"]
[TimeControl "180+2"]

1. e4 g6 2. d4 Bg7 3. Nc3 a6 4. Nf3 b5 5. a4 b4 6. Nd5 Bb7 7. Bd3 a5 8. O-O e6 9. Nf4 d6 10. Qe2 Ne7 11. e5 Ba6 12. c4 bxc3 13. bxc3 Bxd3 14. Nxd3 O-O 15. Ba3 Qd7 16. Rfb1 Nbc6 17. Rb5 Rfb8 18. Rab1 Rxb5 19. Rxb5 h6 20. Qc2 Na7 21. Rb7 Qc6 22. Qb3 Nac8 23. exd6 cxd6 24. c4 Qe4 25. c5 dxc5 26. Bxc5 Nc6 27. Rb5 N8e7 28. Bxe7 Nxe7 29. h3 Nf5 30. Nc5 Qe2 31. d5 exd5 32. Qxd5 Re8 33. Rb7 Rf8 34. Ra7 Qc2 35. Rb7 Qc1+ 36. Kh2 Qf4+ 37. Kg1 Qc1+ 38. Kh2 Qf4+ 39. g3 Qc1 40. Kg2 Qc2 41. Kg1 Qc1+ 42. Kg2 Qc2 43. Kg1 Qc1+ 44. Kg2 Qc2 45. Kg1 Qc1+ 1/2-1/2

[Event "RUS-ch Blitz 2021"]
[Site "Sochi"]
[Date "2021.10.11"]
[Round "11.18"]
[White "Murzin, Volodar"]
[Black "Samusenko, Maksim"]
[Result "1/2-1/2"]
[ECO "B02"]
[WhiteElo "2513"]
[BlackElo "2461"]
[Annotator "ChessBase"]
[PlyCount "135"]
[EventDate "2021.10.11"]
[EventType "blitz"]
[EventCountry "RUS"]
[SourceTitle "playchess.com"]
[Source "ChessBase"]
[SourceQuality "1"]
[TimeControl "180+2"]

1. e4 d5 2. exd5 Nf6 3. Nc3 Nxd5 4. Nf3 c6 5. d4 Bf5 6. Bd3 Bxd3 7. Qxd3 e6 8. O-O Be7 9. Ne4 O-O 10. Rd1 Nd7 11. c4 N5f6 12. Ng3 Qc7 13.
b3 Rad8 14. Bb2 Rfe8 15. Qc2 Bd6 16. Ne4 Nxe4 17. Qxe4 Nf6 18. Qc2 Be7 19. Re1 c5 20. Rad1 cxd4 21. Nxd4 a6 22. Qe2 Bb4 23. Rf1 Qf4 24. Nf3 Qe4 25. Qxe4 Nxe4 26. Bd4 Nc3 27. Bxc3 Bxc3 28. g3 f6 29. Kg2 Kf7 30. Ng1 e5 31. Ne2 Bb4 32. g4 b5 33. cxb5 axb5 34. Ng3 g6 35. Kf3 Ke6 36. Ne4 Ra8 37. Rc1 Rec8 38.
h4 h6 39. Rxc8 Rxc8 40. a4 bxa4 41. bxa4 f5 42. gxf5+ gxf5 43. Ng3 e4+ 44. Kg2 Rc2 45. Kh3 Bc5 46. f3 e3 47. f4 Bb4 48. Rb1 Rc4 49. Rb3 Bc5 50. Ne2 Rxa4 51. Kg3 Ra1 52. Rb8 Re1 53. Kf3 Rf1+ 54. Kg3 Rf2 55. Nc1 Rc2 56. Nd3 Bd4 57. Re8+ Kf7 58. Rd8 Bb6 59. Kf3 e2 60. Rd7+ Ke6 61. Rb7 Ba5 62. Rb5 Ra2 63. Re5+ Kf6 64. Rxe2 Ra3 65. Ke3 Bb6+ 66. Kd2 Ra2+ 67. Ke1 Rxe2+ 68. Kxe2 1/2-1/2

[Event "RUS-ch Blitz 2021"]
[Site "Sochi"]
[Date "2021.10.11"]
[Round "11.19"]
[White "Oganian, Miran"]
[Black "Khegay, Dmitriy"]
[Result "0-1"]
[ECO "E04"]
[WhiteElo "2441"]
[BlackElo "2521"]
[Annotator "ChessBase"]
[PlyCount "144"]
[EventDate "2021.10.11"]
[EventType "blitz"]
[EventCountry "RUS"]
[SourceTitle "playchess.com"]
[Source "ChessBase"]
[SourceQuality "1"]
[TimeControl "180+2"]

1. d4 Nf6 2. c4 e6 3. g3 d5 4. Nf3 dxc4 5. Bg2 Bb4+ 6. Bd2 a5 7. O-O O-O 8. Bg5 h6 9. Bxf6 Qxf6 10. Qc2 Nd7 11. Qxc4 e5 12. a3 Bd6 13. Nc3 Nb6 14. Qd3 Bf5 15.
e4 Be6 16. dxe5 Bxe5 17. Nxe5 Qxe5 18. Rfd1 Bb3 19. Rd2 Nc4 20. Re2 Rfd8 21. Qf3 a4 22. Rc1 c6 23. Qf4 Qxf4 24. gxf4 Rd4 25. Bf1 Rad8 26. f3 Nb6 27. Kf2 Nd7 28. Ke3 Nf8 29. Rg2 R4d7 30.
f5 Nh7 31. h4 Kf8 32. Be2 Nf6 33. Rcg1 Ne8 34. f4 Re7 35. e5 Bc2 36. Bg4 Bb3 37. Bh3 f6 38. e6 Nd6 39. Ke2 Bc2 40. Ke1 Bxf5 41. Bxf5 Nxf5 42. Nxa4 Rxe6+ 43. Re2 Rxe2+ 44. Kxe2 Nxh4 45. Nc5 Re8+ 46. Kd3 Re7 47. b4 Kf7 48. a4 g5 49. a5 Ng6 50. f5 Nf4+ 51. Kc4 h5 52.
b5 cxb5+ 53. Kxb5 h4 54. Kb6 Nd5+ 55. Kb5 h3 56. Ne6 Nc7+ 57. Nxc7 Rxc7 58. Rg3 h2 59. Rh3 Rc2 60. Kb6 Rb2+ 61. Kc7 g4 62. Rh7+ Kg8 63. Rh4 g3 64. Kd7 Re2 65. Rh3 Kf7 66. Rh7+ Kg8 67. Rh3 Re3 68. Kd6 g2 69. Rxe3 g1=Q 70. Re8+ Kg7 71. Re7+ Kf8 72. Rxb7 h1=Q 0-1

[Event "RUS-ch Blitz 2021"]
[Site "Sochi"]
[Date "2021.10.11"]
[Round "11.21"]
[White "Pershin, Denis"]
[Black "Makarian, Rudik"]
[Result "0-1"]
[ECO "A63"]
[WhiteElo "2388"]
[BlackElo "2470"]
[Annotator "ChessBase"]
[PlyCount "62"]
[EventDate "2021.10.11"]
[EventType "blitz"]
[EventCountry "RUS"]
[SourceTitle "playchess.com"]
[Source "ChessBase"]
[SourceQuality "1"]
[TimeControl "180+2"]

1. d4 Nf6 2. c4 g6 3. g3 Bg7 4. Bg2 c5 5. d5 O-O 6. Nc3 d6 7. Nf3 e6 8. O-O exd5 9. cxd5 Re8 10. Re1 a6 11. a4 Nbd7 12. Bf4 Ng4 13. e4 Nde5 14. Nxe5 Nxe5 15. h3 Rb8 16. Rb1 c4 17. Be3 b5 18. axb5 axb5 19. b3 b4 20. Ne2 Ba6 21. bxc4 Bxc4 22. Nd4 Qd7 23. Qd2 b3 24. f4 Nd3 25. Red1 Nc5 26. Nc6 Nxe4 27. Bxe4 Rxe4 28. Nxb8 Qxh3 29. Bf2 Re2 30. Qb4 Rxf2 31. Kxf2 Qh2+ 0-1

[Event "RUS-ch Blitz 2021"]
[Site "Sochi"]
[Date "2021.10.11"]
[Round "11.22"]
[White "Babanin, Gleb"]
[Black "Matinian, Nikita"]
[Result "1/2-1/2"]
[ECO "B72"]
[WhiteElo "2094"]
[BlackElo "2454"]
[Annotator "ChessBase"]
[PlyCount "183"]
[EventDate "2021.10.11"]
[EventType "blitz"]
[EventCountry "RUS"]
[SourceTitle "playchess.com"]
[Source "ChessBase"]
[SourceQuality "1"]
[TimeControl "180+2"]

1. e4 c5 2. Nf3 d6 3. d4 cxd4 4. Nxd4 Nf6 5. Nc3 g6 6. Be3 Nc6 7. f3 h5 8. Qd2 Nxd4 9. Bxd4 Bh6 10. Be3 Bxe3 11. Qxe3 Be6 12. Bb5+ Kf8 13. O-O Qa5 14. Ba4 Rc8 15. Bb3 Qc5 16. Qxc5 Rxc5 17. Rfe1 Kg7 18. Bxe6 fxe6 19. e5 dxe5 20. Re2 e4 21. fxe4 Rd8 22. Rd1 Rxd1+ 23. Nxd1 b5 24. Kf2 Ng4+ 25. Kg3 Ne5 26. Ne3 b4 27. Kf4 Kf6 28. h4 Ra5 29. Rd2 Rxa2 30. b3 Ra1 31. Rd8 Rh1 32. Kg3 Re1 33.
Kf2 Rc1 34. Rf8+ Kg7 35. Rb8 a5 36. Kg3 Nc6 37. Rc8 Nd4 38.
Rc4 Ne2+ 39. Kf2 Nc3 40. Kf3 Rh1 41. g3 Ra1 42. Rc7 Kf6 43.
Rc5 a4 44. e5+ Kf7 45. bxa4 Rxa4 46. Rc4 Nd5 47. Ke4 Nc3+ 48. Kd4 Ne2+ 49. Kc5 Nxg3 50. Rxb4 Ra5+ 51. Kd4 Nf5+ 52. Nxf5 gxf5 53. c4 Ra1 54. Rb3 Rd1+ 55. Kc5 f4 56. Rf3 Ke8 57. Rxf4 Re1 58. Kd4 Kd7 59. Re4 Rd1+ 60. Kc5 Ra1 61. Rd4+ Kc7 62. Re4 Ra5+ 63. Kb4 Ra1 64. c5 Kc6 65. Rf4 Rb1+ 66. Kc4 Rc1+ 67. Kd4 Rxc5 68. Rf7 Rd5+ 69. Ke4 Ra5 70. Kf4 Kd5 71. Rxe7 Ra4+ 72. Kg5 Kxe5 73. Kxh5 Ra1 74. Rg7 Rh1 75. Rg2 Kf4 76. Ra2 e5 77. Ra4+ e4 78. Rb4 Kf3 79. Kg5 Rg1+ 80. Kf5 e3 81. Rb3 Rh1 82. Kg5 Ra1 83. h5 Ra5+ 84. Kg6 Kf4 85.
Rxe3 Kxe3 86. h6 Ra6+ 87. Kg7 Kf4 88. h7 Ra7+ 89. Kg6 Ra8 90.
Kg7 Kg5 91. h8=Q Rxh8 92. Kxh8 1/2-1/2

[Event "RUS-ch Blitz 2021"]
[Site "Sochi"]
[Date "2021.10.11"]
[Round "11.23"]
[White "Savitskiy, Sergey"]
[Black "Shcherbin, Matvei"]
[Result "0-1"]
[ECO "B40"]
[WhiteElo "2439"]
[BlackElo "2366"]
[Annotator "NA"]
[PlyCount "45"]
[EventDate "2021.10.11"]
[EventType "blitz"]
[EventCountry "RUS"]
[SourceTitle "playchess.com"]
[Source "ChessBase"]
[SourceQuality "1"]
[TimeControl "180+2"]

1. e4 c5 2. Nf3 e6 3. Nc3 Nc6 4. g3 Nf6 5. Bg2 d5 6. exd5 Nxd5 7. O-O Nxc3 8.
bxc3 Be7 9. Rb1 O-O 10. d4 Qa5 11. Bf4 Qxc3 12. Rb3 Qa5 13.
dxc5 Qxc5 14. Qe2 b6 15. Be3 Qh5 16. Qc4 Na5 17. Rb5 Nxc4 18.
Rxh5 Nxe3 19. fxe3 Ba6 20. Rd1 Rad8 21. Nd4 g6 22. Re5 Bf6 23. Re4 0-1

[Event "RUS-ch Blitz 2021"]
[Site "Sochi"]
[Date "2021.10.11"]
[Round "11.24"]
[White "Dreev, Aleksey"]
[Black "Smirnov, Timofey"]
[Result "1-0"]
[ECO "D23"]
[WhiteElo "2635"]
[BlackElo "2409"]
[Annotator "ChessBase"]
[PlyCount "85"]
[EventDate "2021.10.11"]
[EventType "blitz"]
[EventCountry "RUS"]
[SourceTitle "playchess.com"]
[Source "ChessBase"]
[SourceQuality "1"]
[TimeControl "180+2"]

1. d4 d5 2. c4 c6 3. Nf3 Nf6 4. Qc2 dxc4 5. Qxc4 Bg4 6. Nbd2 e6 7. g3 Nbd7 8. Bg2 Bd6 9. Qb3 Rb8 10. Nc4 Bc7 11. Qa3 Nb6 12. Nce5 Bxf3 13. Nxf3 a6 14. O-O Bd6 15. Qb3 O-O 16. Bg5 Be7 17. Rfd1 Nfd5 18. Bd2 Nd7 19. e4 N5b6 20. a4 Bd6 21. Be3 Nc8 22. Qc2 Ne7 23.
h4 h6 24. h5 Qa5 25. e5 Bb4 26. Qe4 Nf5 27. Bf4 Qd5 28. Qe2 Qa5 29. g4 Ne7 30. g5 hxg5 31. Nxg5 Nf5 32. Be4 Rfe8 33. Bxf5 exf5 34. Qd3 Qd5 35. Qxf5 Nf8 36. Rd3 Be7 37. Rg3 Bxg5 38. Bxg5 Qe6 39. Qf3 Nh7 40. Bf6 Nxf6 41. exf6 Qe4 42. Rxg7+ Kf8 43. Qg3 1-0

[Event "RUS-ch Blitz 2021"]
[Site "Sochi"]
[Date "2021.10.11"]
[Round "12.2"]
[White "Pridorozhni, Aleksei"]
[Black "Iljiushenok, Ilia"]
[Result "1/2-1/2"]
[ECO "C42"]
[WhiteElo "2564"]
[BlackElo "2554"]
[Annotator "ChessBase"]
[PlyCount "79"]
[EventDate "2021.10.11"]
[EventType "blitz"]
[EventCountry "RUS"]
[SourceTitle "playchess.com"]
[Source "ChessBase"]
[SourceQuality "1"]
[TimeControl "180+2"]

1. e4 e5 2. Nf3 Nf6 3. Nxe5 d6 4. Nf3 Nxe4 5. Qe2 Qe7 6.
d3 Nf6 7. Bg5 Nbd7 8. Nc3 h6 9. Bh4 Qxe2+ 10. Bxe2 c6 11. O-O-O Be7 12. Rde1 O-O 13. Bd1 Bd8 14. Bg3 d5 15. Ne2 Nb6 16. Ned4 Bg4 17. h3 Bxf3 18. Bxf3 g6 19. Bf4 Kg7 20. g4 Nbd7 21. Bg3 Bb6 22. Nb3 Rfe8 23. c3 Rxe1+ 24. Rxe1 Re8 25. Kd2 Rxe1 26. Kxe1 Kf8 27. Bd6+ Kg7 28. Ke2 Ne8 29. Bf4 Nc7 30. c4 dxc4 31. dxc4 Ne6 32. Bd6 Kf6 33. Be4 Ng5 34. Bg2 Ne6 35. f4 Nec5 36. Nd2 Ke6 37. Bxc5 Nxc5 38. b3 Bc7 39. Ke3 Bb6 40. Ke2 1/2-1/2

[Event "RUS-ch Blitz 2021"]
[Site "Sochi"]
[Date "2021.10.11"]
[Round "12.3"]
[White "Antipov, Mikhail Al."]
[Black "Sakaev, Konstantin"]
[Result "0-1"]
[ECO "B55"]
[WhiteElo "2619"]
[BlackElo "2603"]
[Annotator "ChessBase"]
[PlyCount "106"]
[EventDate "2021.10.11"]
[EventType "blitz"]
[EventCountry "RUS"]
[SourceTitle "playchess.com"]
[Source "ChessBase"]
[SourceQuality "1"]
[TimeControl "180+2"]

1. e4 c5 2. Nf3 d6 3. d4 cxd4 4. Nxd4 Nf6 5. Bc4 e6 6. Nd2 Be7 7. O-O O-O 8. Re1 Nc6 9. Nxc6 bxc6 10. Bd3 e5 11. c4 Be6 12. b3 d5 13.
Qc2 d4 14. c5 Qa5 15. Bb2 Qxc5 16. Qxc5 Bxc5 17. Rec1 Nd7 18. Rc2 Bb4 19. Rac1 c5 20. Nc4 Rab8 21. Kf1 Rfd8 22. Ke2 Kf8 23. a3 Bxc4 24. Bxc4 Ba5 25. Kd3 Rb6 26. Rb1 Rdb8 27. Bc1 Bc3 28. Bd2 Bxd2 29. Kxd2 a5 30. Rbc1 Ke7 31. g3 f6 32. h4 Kd6 33. a4 Rxb3 34. Bxb3 Rxb3 35. h5 h6 36. Ke1 Rb4 37. f4 Rxa4 38. Ke2 Rb4 39. Kf3 a4 40.
Kg4 Rb3 41. Rc4 a3 42. Ra4 d3 43. Ra6+ Nb6 44. Ra1 c4 45. Kf3 Kc5 46. Ke3 Kb5 47. R6xa3 Rxa3 48. Rxa3 Na4 49. Kd2 Kb4 50. Ra1 Nc5 51. Ra7 c3+ 52. Ke3 c2 53. Kd2 Nb3+ 0-1

[Event "RUS-ch Blitz 2021"]
[Site "Sochi"]
[Date "2021.10.11"]
[Round "12.4"]
[White "Afanasiev, Nikita"]
[Black "Sarana, Alexey"]
[Result "0-1"]
[ECO "D02"]
[WhiteElo "2560"]
[BlackElo "2649"]
[Annotator "ChessBase"]
[PlyCount "30"]
[EventDate "2021.10.11"]
[EventType "blitz"]
[EventCountry "RUS"]
[SourceTitle "playchess.com"]
[Source "ChessBase"]
[SourceQuality "1"]
[TimeControl "180+2"]

1. d4 Nf6 2. Nf3 d5 3. Bf4 c5 4. e3 Nc6 5. Nbd2 Qb6 6. dxc5 Qxb2 7. Rb1 Qa3 8. Nd4 e5 9. Nb5 Qa5 10. Bg5 Ne4 11. Bh4 Bxc5 12. c3 Nxc3 13.
Nb3 Qb4 14. Nxc5 Nxb1+ 15. Ke2 Qxb5+ 0-1

[Event "RUS-ch Blitz 2021"]
[Site "Sochi"]
[Date "2021.10.11"]
[Round "12.5"]
[White "Petrov, Nikita"]
[Black "Lysyj, Igor"]
[Result "1/2-1/2"]
[ECO "D41"]
[WhiteElo "2539"]
[BlackElo "2603"]
[Annotator "ChessBase"]
[PlyCount "38"]
[EventDate "2021.10.11"]
[EventType "blitz"]
[EventCountry "RUS"]
[SourceTitle "playchess.com"]
[Source "ChessBase"]
[SourceQuality "1"]
[TimeControl "180+2"]

1. d4 Nf6 2. c4 e6 3. Nf3 d5 4. Nc3 c5 5. cxd5 Nxd5 6. g3 Nxc3 7. bxc3 cxd4 8.
cxd4 Bb4+ 9. Bd2 Bxd2+ 10. Qxd2 b6 11. Bg2 Bb7 12. O-O O-O 13.
Rfd1 Nc6 14. Ne5 Rc8 15. Rac1 Qd6 16. Nxc6 Bxc6 17. Bxc6 Rxc6 18. Rxc6 Qxc6 19. d5 exd5 1/2-1/2

[Event "RUS-ch Blitz 2021"]
[Site "Sochi"]
[Date "2021.10.11"]
[Round "12.6"]
[White "Alekseev, Evgeny"]
[Black "Kokarev, Dmitry"]
[Result "1-0"]
[ECO "A38"]
[WhiteElo "2602"]
[BlackElo "2579"]
[Annotator "ChessBase"]
[PlyCount "133"]
[EventDate "2021.10.11"]
[EventType "blitz"]
[EventCountry "RUS"]
[SourceTitle "playchess.com"]
[Source "ChessBase"]
[SourceQuality "1"]
[TimeControl "180+2"]

1. Nf3 Nf6 2. c4 g6 3. Nc3 Bg7 4. g3 O-O 5. Bg2 c5 6. O-O Nc6 7. d3 d6 8. Qd2 Qd7 9. b3 b6 10. Bb2 Bb7 11. e3 Rfd8 12. Rfd1 Ne5 13. Nxe5 dxe5 14. Qe2 Bxg2 15. Kxg2 Qc6+ 16. Qf3 Rac8 17. Qxc6 Rxc6 18. Kf3 h5 19. Ke2 Ne8 20. Rab1 Rcd6 21. a3 Nc7 22. b4 Ne6 23. Nd5 Kf8 24. Bc3 R6d7 25. a4 Rc8 26. Be1 cxb4 27. Bxb4 f5 28. a5 b5 29. Rbc1 bxc4 30. Rxc4 Rb8 31. Nc3 Kf7 32. a6 Rb6 33. Ra1 Nc7 34. Ra5 Nxa6 35. Ba3 Nb8 36. Rac5 Rb3 37. Ra5 Rbb7 38. Rac5 Na6 39. Ra5 Nc7 40. Na4 Ne6 41. Nc3 Rdc7 42. Nd5 Rd7 43. Nc3 Rdc7 44. Nd5 Rd7 45. Nc3 Rb3 46. Ra6 Bf6 47. Ra5 Nd8 48. h4 Nb7 49. Rxa7 Ke8 50. Rc8+ Kf7 51. Rc4 Ke8 52. Ra6 Nd8 53. Rc8 Kf7 54. e4 Ne6 55. Nd5 Nd4+ 56. Kf1 Rxd3 57. Nxf6 exf6 58. Rf8+ Kg7 59. Rfxf6 fxe4 60. Rxg6+ Kh7 61.
Rh6+ Kg7 62. Rag6+ Kf7 63. Rf6+ Kg7 64. Bf8+ Kg8 65. Rhg6+ Kh7 66. Rg5 Nf3 67. Rh6# 1-0

[Event "RUS-ch Blitz 2021"]
[Site "Sochi"]
[Date "2021.10.11"]
[Round "12.7"]
[White "Timofeev, Artyom"]
[Black "Riazantsev, Alexander"]
[Result "1/2-1/2"]
[ECO "E14"]
[WhiteElo "2586"]
[BlackElo "2634"]
[Annotator "ChessBase"]
[PlyCount "97"]
[EventDate "2021.10.11"]
[EventType "blitz"]
[EventCountry "RUS"]
[SourceTitle "playchess.com"]
[Source "ChessBase"]
[SourceQuality "1"]
[TimeControl "180+2"]

1. c4 e6 2. Nf3 d5 3. b3 Nf6 4. Bb2 Be7 5. e3 b6 6. Be2 Bb7 7. O-O O-O 8. Nc3 Nbd7 9. Rc1 c5 10. cxd5 Nxd5 11. Nxd5 Bxd5 12. d4 a5 13. Bb5 Ra7 14. Nd2 Qa8 15. f3 cxd4 16. Bxd4 Ba3 17. Rc2 Bc5 18. Bxc5 Nxc5 19. Qe2 Rc7 20. Rfc1 Rfc8 21. e4 Bc6 22. Bc4 Qb7 23. Qe3 Rd8 24. Nf1 Rcd7 25. Rd2 Rxd2 26. Nxd2 Qd7 27. Nf1 Bb5 28. Bxb5 Qxb5 29. h3 h6 30. Ng3 Qb4 31. Rc2 Rd1+ 32. Kh2 Qd4 33. Qxd4 Rxd4 34. Ne2 Rd3 35. Kg1 Kf8 36. Kf2 Ke7 37. Nc3 g5 38. Ke2 Rd7 39. Nb5 f5 40.
exf5 exf5 41. Rc4 Kf6 42. h4 Re7+ 43. Kd2 f4 44. hxg5+ hxg5 45. Nc3 Rd7+ 46. Ke2 Re7+ 47. Kd2 Rd7+ 48. Ke2 Re7+ 49. Kd2 1/2-1/2

[Event "RUS-ch Blitz 2021"]
[Site "Sochi"]
[Date "2021.10.11"]
[Round "12.8"]
[White "Bocharov, Dmitry"]
[Black "Kobalia, Mikhail"]
[Result "0-1"]
[ECO "A11"]
[WhiteElo "2517"]
[BlackElo "2600"]
[Annotator "ChessBase"]
[PlyCount "52"]
[EventDate "2021.10.11"]
[EventType "blitz"]
[EventCountry "RUS"]
[SourceTitle "playchess.com"]
[Source "ChessBase"]
[SourceQuality "1"]
[TimeControl "180+2"]

1. Nf3 d5 2. e3 Nf6 3. c4 c6 4. Nc3 e6 5. b3 Bd6 6. Bb2 O-O 7. Be2 e5 8. cxd5 cxd5 9. Nb5 Nc6 10. Nxd6 Qxd6 11. d4 e4 12. Ne5 Nd7 13. Nxc6 bxc6 14. O-O f5 15. Rc1 f4 16. exf4 Rxf4 17. Qd2 Rf6 18. Qa5 Rh6 19. Qd8+ Kf7 20. g3 Ba6 21. Qxa8 Bxe2 22. Qxa7 Bf3 23. Rc3 Rxh2 24. Rxf3+ exf3 25. Kxh2 Qh6+ 26.
Kg1 Qh3 0-1

[Event "RUS-ch Blitz 2021"]
[Site "Sochi"]
[Date "2021.10.11"]
[Round "12.9"]
[White "Khanin, Semen"]
[Black "Kezin, Roman"]
[Result "1/2-1/2"]
[ECO "B78"]
[WhiteElo "2521"]
[BlackElo "2492"]
[Annotator "ChessBase"]
[PlyCount "111"]
[EventDate "2021.10.11"]
[EventType "blitz"]
[EventCountry "RUS"]
[SourceTitle "playchess.com"]
[Source "ChessBase"]
[SourceQuality "1"]
[TimeControl "180+2"]

1. e4 c5 2. Nf3 d6 3. d4 cxd4 4. Nxd4 Nf6 5. Nc3 g6 6. Be3 Bg7 7. f3 O-O 8. Qd2 Nc6 9. Bc4 Bd7 10. O-O-O Rc8 11. Bb3 Nxd4 12. Bxd4 b5 13. Nd5 Nxd5 14. exd5 a5 15. Bxg7 Kxg7 16. Qd4+ Kg8 17. a3 Qc7 18. Rd2 b4 19. axb4 axb4 20. Re2 Bb5 21. Re3 Bc4 22. Bxc4 Qxc4 23. Qxc4 Rxc4 24. b3 Rc5 25. Rxe7 Ra8 26. Rhe1 Ra1+ 27. Kb2 Rxe1 28. Rxe1 Rxd5 29. Re4 Rd2 30. Rxb4 Rxg2 31. Rb8+ Kg7 32. b4 Rxh2 33. b5 Rh5 34. c4 Rc5 35. Kb3 d5 36. cxd5 Rxd5 37. Kc4 Rd1 38.
b6 Rb1 39. Kc5 h5 40. Rd8 Rc1+ 41. Kb5 Rb1+ 42. Kc6 h4 43. Rd4 g5 44. Rd5 h3 45. Rxg5+ Kf6 46. Rh5 Rc1+ 47. Kd7 Rd1+ 48. Kc8 Rc1+ 49. Kb8 Rh1 50. b7 h2 51. Kc7 Rc1+ 52. Kd6 Rb1 53. Kc6 Rc1+ 54. Kd6 Rb1 55. Kc6 Rc1+ 56. Kd6 1/2-1/2

[Event "RUS-ch Blitz 2021"]
[Site "Sochi"]
[Date "2021.10.11"]
[Round "12.10"]
[White "Rozum, Ivan"]
[Black "Moiseenko, Vadim"]
[Result "1-0"]
[ECO "A01"]
[WhiteElo "2529"]
[BlackElo "2542"]
[Annotator "ChessBase"]
[PlyCount "57"]
[EventDate "2021.10.11"]
[EventType "blitz"]
[EventCountry "RUS"]
[SourceTitle "playchess.com"]
[Source "ChessBase"]
[SourceQuality "1"]
[TimeControl "180+2"]

1. b3 d6 2. Bb2 e5 3. c4 f5 4. d4 Nc6 5. Nf3 e4 6. d5 Nce7 7. Nd4 Nf6 8. Nc3 g6 9. e3 h5 10. Be2 Bh6 11. Qd2 O-O 12. O-O-O Ng4 13. Bxg4 hxg4 14. h3 gxh3 15. Rxh3 Bg7 16. Rdh1 Bd7 17. Ne6 Bxe6 18. dxe6 Rf6 19. Nd5 Nxd5 20. cxd5 c5 21. Rh7 Rc8 22. Qc3 b5 23. Kb1 a5 24. f3 exf3 25.
gxf3 c4 26. bxc4 Rxc4 27. Qd2 b4 28. Qh2 Rc7 29. Rh8+ 1-0

[Event "RUS-ch Blitz 2021"]
[Site "Sochi"]
[Date "2021.10.11"]
[Round "12.11"]
[White "Shcherbin, Matvei"]
[Black "Savchenko, Boris"]
[Result "0-1"]
[ECO "B22"]
[WhiteElo "2366"]
[BlackElo "2535"]
[Annotator "ChessBase"]
[PlyCount "96"]
[EventDate "2021.10.11"]
[EventType "blitz"]
[EventCountry "RUS"]
[SourceTitle "playchess.com"]
[Source "ChessBase"]
[SourceQuality "1"]
[TimeControl "180+2"]

1. e4 c5 2. c3 Nf6 3. e5 Nd5 4. d4 cxd4 5. Nf3 d6 6. cxd4 dxe5 7. dxe5 Bf5 8.
Bc4 e6 9. O-O Nc6 10. Nd4 Nxd4 11. Qxd4 Nc7 12. Qf4 Be7 13. Nc3 O-O 14. Rd1 Qe8 15. Be3 Qc6 16. Bb3 Rfd8 17. h3 h6 18. Rac1 Qa6 19. Ne4 Ne8 20. Nc5 Bxc5 21. Bxc5 b6 22. Be7 Rxd1+ 23. Rxd1 Qb7 24. Bd6 Rc8 25. Rc1 g5 26. Rxc8 gxf4 27. Rxe8+ Kh7 28. Re7 Qe4 29. Rxf7+ Kg8 30. Rf8+ Kg7 31. Rf6 Qe1+ 32. Kh2 Qxf2 33. Bf8+ Kh7 34. Rf7+ Kh8 35. Bg7+ Kg8 36. Rxf5 Kxg7 37. Bxe6 Qxb2 38. Bb3 f3 39. Rxf3 Qxe5+ 40. Kg1 a5 41. g4 a4 42. Bf7 b5 43. Kg2 b4 44. Bc4 Qe4 45.
Bf7 Qxf3+ 46. Kxf3 Kxf7 47. Ke3 b3 48. axb3 a3 0-1